Map: Nightshade LE

Players

Dolan - Winner!

  • Race: Terran Terran
  • League: Grandmaster
  • Spawn Location: 5:00

Schmeet

  • Race: Zerg Zerg
  • League: Master
  • Spawn Location: 11:00

Event: Cheeseadelphia XI, Cheeseadelphia XI

VOD

Have the link to the VOD?

Description

Time

  • Played on: Dec. 14, 2019, 1 p.m.
  • Length: 7:33

All games in this series

Show
View Real Time Build Order
Export as new Build Order

Dolan Terran - Winner!

Build Orders: Reaper Expand, Mech 

Get SALT Encoding   

  12  0:00  SCV  
  13  0:13  SCV  
  14  0:18  Supply Depot  
  14  0:25  SCV  
  15  0:39  SCV  
  15  0:41  Barracks  
  16  0:42  Refinery  
  16  0:51  SCV  
  17  1:03  SCV  
  18  1:15  SCV  
  19  1:28  Orbital Command, Reaper  
  20  1:40  Command Center  
  20  1:50  Supply Depot  
  20  1:53  SCV  
  21  2:00  Marine  
  22  2:05  SCV  
  23  2:09  Factory  
  23  2:13  Refinery  
  23  2:17  SCV  
  23  2:19  Barracks Reactor  
  24  2:37  SCV  
  25  2:51  SCV  
  25  2:52  Orbital Command  
  25  2:54  Starport  
  26  3:02  Hellion x2  
  26  3:03  SCV  
  26  3:05  Marine  
  32  3:15  SCV  
  32  3:18  SCV, Supply Depot  
  34  3:25  Hellion  
  34  3:26  Hellion  
  38  3:27  Barracks Tech Lab  
  38  3:34  Fusion Core  
  38  3:35  Starport Tech Lab  
  38  3:38  SCV  
  38  3:39  SCV  
  39  3:45  Supply Depot  
  39  3:54  SCV x2  
  41  3:57  Siege Tank  
  44  4:04  Bunker  
  44  4:05  Marine x2  
  44  4:08  SCV  
  47  4:12  SCV  
  48  4:20  SCV  
  47  4:24  SCV  
  46  4:33  SCV  
  46  4:36  SCV  
  46  4:37  Command Center  
  44  4:47  Battlecruiser  
  44  4:49  SCV x2  
  52  4:57  Refinery  
  52  4:59  Refinery  
  52  5:01  SCV x2  
  52  5:04  Supply Depot, Hellion  
  52  5:05  Hellion  
  58  5:13  SCV x2  
  60  5:21  Factory  
  60  5:22  Factory  
  60  5:23  Barracks Tech Lab  
  60  5:25  SCV x2  
  62  5:28  Supply Depot  
  62  5:30  Hellion x2  
  66  5:37  SCV x2, Weapon Refit  
  66  5:42  Supply Depot  
  68  5:51  Orbital Command  
  68  5:52  SCV  
  68  5:53  SCV  
  70  6:05  SCV x2  
  70  6:09  Battlecruiser  
  70  6:10  Hellion x2  
  82  6:17  SCV x3  
  85  6:20  Supply Depot  
  85  6:29  SCV x2  
  87  6:33  Orbital Command  
  87  6:35  Siege Tank x2, Hellion x2  
  98  6:41  SCV x2  
  98  6:42  Supply Depot  
  98  6:45  Refinery  
  99  6:53  SCV x2, Refinery  
  101  6:58  Hellion x2  
  105  7:03  SCV  
  105  7:05  SCV x2  
  108  7:15  SCV  
  115  7:17  SCV x2  
Show
View Real Time Build Order
Export as new Build Order

Schmeet Zerg 

Build Orders: Hatch First 

Get SALT Encoding   

  12  0:01  Drone  
  13  0:13  Overlord  
  13  0:17  Drone  
  14  0:31  Drone  
  14  0:32  Drone  
  14  0:35  Drone  
  17  0:52  Hatchery  
  17  0:55  Drone  
  17  0:58  Drone  
  18  1:10  Extractor  
  17  1:15  Spawning Pool  
  17  1:17  Drone  
  17  1:20  Drone  
  18  1:28  Drone  
  19  1:39  Overlord  
  19  2:03  Queen  
  19  2:04  Queen  
  19  2:07  Zergling x4  
  25  2:11  Metabolic Boost  
  25  2:17  Drone x3  
  27  2:34  Extractor  
  26  2:45  Drone x5, Baneling Nest  
  30  2:54  Queen x2  
  34  3:01  Drone  
  34  3:05  Overlord  
  35  3:26  Drone x3  
  35  3:27  Drone, Overlord  
  39  3:28  Drone  
  39  3:29  Drone  
  41  3:44  Hatchery  
  41  3:48  Queen  
  42  3:51  Drone  
  42  3:52  Drone  
  44  4:00  Zergling x8  
  48  4:06  Overlord  
  48  4:14  Evolution Chamber  
  32  4:37  Drone x5  
  32  4:38  Drone  
  38  4:45  Drone x4  
  42  4:57  Drone x3  
  45  5:00  Evolution Chamber  
  45  5:01  Baneling  
  45  5:02  Baneling x2  
  44  5:14  Drone x5  
  44  5:19  Lair  
  49  5:27  Zergling x2  
  49  5:28  Zergling x6  
  53  5:40  Drone  
  53  5:41  Drone x5  
  59  5:43  Extractor  
  59  5:46  Drone  
  59  5:49  Baneling x4  
  59  5:54  Drone  
  59  5:55  Drone x5  
  65  6:00  Overlord  
  61  6:13  Spore Crawler  
  61  6:15  Spore Crawler  
  61  6:16  Spore Crawler  
  61  6:18  Spore Crawler  
  46  6:36  Drone x4  
  46  6:43  Spore Crawler  
  46  6:45  Spore Crawler  
  44  6:56  Overlord  
  44  6:57  Hydralisk Den, Overlord x2  
  44  7:00  Drone x2  
  45  7:15  Extractor  
  45  7:17  Extractor  
Tags
 
Add a new tag
Caveats
  • Supply blocks, unpowered buildings, or Contaminate may cause inaccurate times.
  • Supply counts are checked every 10 seconds.